 Dungeon Crawl Stone Soup version 0.29.1-12-g30fa7ad0bf (webtiles) character file.

Game seed: 10459897379005774592

8749 wormed the Covert (level 11, -4/73 HPs)
             Began as a Kobold Monk on Dec 22, 2022.
             Was a Priest of Dithmenos.
             Slain by a seven-headed hydra (9 damage)
             ... on level 9 of the Dungeon.
             The game lasted 00:16:35 (9808 turns).

wormed the Covert (Kobold Monk)                     Turns: 9808, Time: 00:16:36

Health: -4/73      AC: 16    Str: 14    XL:     11   Next: 61%
Magic:  11/11      EV: 22    Int: 16    God:    Dithmenos [***...]
Gold:   541        SH:  0    Dex: 21    Spells: 10/10 levels left

rFire   . . .      SeeInvis .   j - +1 rapier (flame)
rCold   + . .      Faith    +   (no shield)
rNeg    . . .      Spirit   .   N - +0 acid dragon scales
rPois   .          Reflect  .   t - +2 helmet {Int+3}
rElec   .          Harm     .   F - +0 cloak of Ryob {rC+}
rCorr   +          Rampage  .   K - +0 pair of gloves
Will    .....                   u - +0 pair of boots
Stlth   +++++++++.              s - amulet of faith
HPRegen 0.22/turn               a - +4 ring of protection
MPRegen 0.12/turn               H - +6 ring of strength

@: wreathed by umbra
A: small, no large weapons, nightstalker 3
a: Renounce Religion, Shadow Step


You were on level 9 of the Dungeon.
You worshipped Dithmenos.
Dithmenos was most pleased with you.
You visited 2 branches of the dungeon, and saw 10 of its levels.
You also visited: Ossuary.

You collected 541 gold pieces.

Inventory:

Hand Weapons
 j - a +1 rapier of flaming (weapon)
Missiles
 I - 15 boomerangs (quivered)
Armour
 t - a +2 helmet of intelligence (worn)
 u - a +0 pair of boots (worn)
 F - the +0 cloak of Ryob (worn) {rC+}
   (You found it on level 6 of the Dungeon)

   rC:        It protects you from cold.
 K - a +0 pair of gloves (worn)
 N - +0 acid dragon scales (worn)
Jewellery
 a - a +4 ring of protection (left hand)
 s - an amulet of faith (around neck)
 H - a +6 ring of strength (right hand)
Wands
 E - a wand of polymorph (4)
 G - a wand of charming (13)
 J - a wand of flame (18)
Scrolls
 d - 2 scrolls of vulnerability {unknown}
 f - 7 scrolls of identify {unknown}
 g - 2 scrolls of immolation {unknown}
 h - a scroll of amnesia {unknown}
 k - 6 scrolls of teleportation {unknown}
 m - 3 scrolls of enchant armour {unknown}
 p - a scroll of blinking {unknown}
 r - 2 scrolls of fear {unknown}
 w - a scroll of magic mapping {unknown}
 x - 2 scrolls of noise {unknown}
 y - a scroll of acquirement {unknown}
 z - 3 scrolls of summoning {unknown}
 B - 4 scrolls of butterflies {unknown}
 L - a scroll of poison {unknown}
Potions
 b - 2 potions of attraction {unknown}
 c - 3 potions of ambrosia
 e - a potion of flight {unknown}
 l - 3 potions of heal wounds {unknown}
 n - a potion of lignification {unknown}
 o - 5 potions of curing {unknown}
 q - 3 potions of brilliance {unknown}
 v - 5 potions of degeneration {unknown}
 A - 2 potions of cancellation {unknown}
 C - a potion of invisibility {unknown}
 D - a potion of mutation {unknown}
 M - a potion of magic {unknown}


   Skills:
 + Level 10.7 Fighting
 + Level 10.0 Short Blades
 + Level 11.6 Dodging
 + Level 13.2 Stealth


You had 10 spell levels left.
You didn't know any spells.
Your spell library contained the following spells:

 Spells                   Type           Power      Damage    Failure   Level
 Apportation              Tloc           0%         N/A       36%         1
 Necrotise                Necr           0%         1d4       36%         1
 Sting                    Tmut/Pois      0%         1d3       36%         1
 Summon Small Mammal      Summ           0%         N/A       36%         1
 Ensorcelled Hibernation  Hex/Ice        0%         N/A       50%         2
 Passwall                 Tmut/Erth      0%         N/A       50%         2
 Poisonous Vapours        Pois/Air       0%         N/A       50%         2
 Inner Flame              Hex/Fire       0%         N/A       73%         3
 Spider Form              Tmut/Pois      0%         N/A       73%         3
 Anguish                  Hex/Necr       0%         N/A       98%         4
 Animate Armour           Summ/Erth      0%         N/A       98%         4
 Cause Fear               Hex            0%         N/A       98%         4
 Olgreb's Toxic Radiance  Pois           0%         N/A       98%         4
 Summon Lightning Spire   Summ/Air       0%         N/A       98%         4
 Summon Cactus Giant      Summ           0%         N/A       100%        6
 Discord                  Hex            0%         N/A       100%        8


Dungeon Overview and Level Annotations

Branches:
Dungeon (9/15)             Temple (1/1) D:6         Ossuary (visited)
   Lair: D:8-11         Orc: D:9-12

Altars:
Ashenzari
Cheibriados
Dithmenos
Elyvilon
Fedhas
Gozag
Hepliaklqana
Kikubaaqudgha
Makhleb
Nemelex Xobeh
Okawaru
Qazlal
Ru
Sif Muna
Trog
Uskayaw
Vehumet
Wu Jian
Xom
Yredelemnul
Zin
The Shining One

Shops:
D:3 (   D:6 :


Innate Abilities, Weirdness & Mutations

You are small and have problems with some larger weapons.
You are completely attuned to the shadows.


Message History

The seven-headed hydra bites you but does no damage.
The seven-headed hydra barely misses you.
The seven-headed hydra bites you!
The seven-headed hydra closely misses you.
The seven-headed hydra bites you.
The seven-headed hydra closely misses you.
You hit the seven-headed hydra. You burn the seven-headed hydra.
The seven-headed hydra is severely wounded.
The seven-headed hydra bites you but does no damage.
The seven-headed hydra completely misses you.
The seven-headed hydra closely misses you.
The seven-headed hydra bites you but does no damage. x4
You hit the seven-headed hydra. You burn the seven-headed hydra.
The seven-headed hydra is severely wounded.
The seven-headed hydra completely misses you. x2
The seven-headed hydra bites you but does no damage.
The seven-headed hydra bites you. The seven-headed hydra bites you!
* * * LOW HITPOINT WARNING * * *
The seven-headed hydra misses you. x2
You hit the seven-headed hydra. You burn the seven-headed hydra.
The seven-headed hydra is severely wounded.
You hit the seven-headed hydra. You burn the seven-headed hydra.
Your punch misses the seven-headed hydra.
The seven-headed hydra is severely wounded.
The seven-headed hydra closely misses you. x2
The seven-headed hydra bites you.
* * * LOW HITPOINT WARNING * * *
The seven-headed hydra closely misses you.
The seven-headed hydra bites you but does no damage.
The seven-headed hydra misses you. x2
You puncture the seven-headed hydra! You burn the seven-headed hydra.
The seven-headed hydra is almost dead.
The seven-headed hydra bites you!
* * * LOW HITPOINT WARNING * * *
The seven-headed hydra bites you!
* * * LOW HITPOINT WARNING * * *
The seven-headed hydra misses you.
The seven-headed hydra completely misses you.
The seven-headed hydra bites you!
You die...

#.########
###.#
###...#
#.[.###
#.###
####รท#
#....#
###.####
#.@.#
#D######
#....Q..
###
#.......
#<#
#.Q....Q
#.#
######..
#.# . #.#
#.# #.#


You could see a seven-headed hydra.

Vanquished Creatures
  A hydra (D:9)
  A two-headed ogre (D:9)
  A deep elf pyromancer (D:9)
  Pikel (D:5)
  A manticore (D:9)
  Maggie (D:9)
  A troll (D:9)
  A hornet (D:9)
  A vampire (D:9)
  A shadow (D:9)
  7 yaks
  A wraith (D:6)
  3 orc warriors
  A sky beast (D:6)
  A centaur (D:6)
  A lemure (D:5)
  3 kobold brigands
  2 necrophages
  3 scorpions
  A water moccasin zombie (Ossuary)
  9 wights
  15 killer bees
  9 howler monkeys
  3 hounds
  A jelly (D:8)
  4 orc priests
  2 iguanas
  3 orc wizards
  3 mummies
  11 adders
  An ufetubus (D:5)
  3 adder zombies (Ossuary)
  2 worms (D:2)
  2 dart slugs
  17 orcs
  3 ball pythons
  3 bats
  6 endoplasms
  2 giant cockroaches
  15 goblins
  5 hobgoblins
  4 jackals (D:1)
  6 quokkas
  4 frilled lizards
  5 gnoll zombies (Ossuary)
  2 hobgoblin zombies
  20 kobolds
  4 kobold zombies (Ossuary)
  8 orc zombies
  3 rats
208 creatures vanquished.

Notes
Turn   | Place    | Note
-------+----------+-------------------------------------------
     0 | D:1      | wormed the Kobold Monk began the quest for the Orb.
     0 | D:1      | Reached XP level 1. HP: 14/14 MP: 1/1
   172 | D:1      | Reached skill level 3 in Stealth
   172 | D:1      | Reached XP level 2. HP: 10/19 MP: 2/2
   750 | D:1      | Reached XP level 3. HP: 22/23 MP: 3/3
  1337 | D:2      | Reached XP level 4. HP: 28/29 MP: 4/4
  1363 | D:2      | Found a shimmering altar of Xom.
  1918 | D:3      | Found Fodag's Weapon Boutique.
  2279 | D:3      | Reached skill level 4 in Stealth
  2538 | D:4      | Reached XP level 5. HP: 33/33 MP: 5/5
  2701 | D:4      | Reached skill level 5 in Short Blades
  3119 | D:4      | Reached XP level 6. HP: 39/39 MP: 6/6
  3136 | D:4      | Reached skill level 5 in Dodging
  3394 | D:4      | Reached skill level 5 in Stealth
  3867 | D:5      | Entered Level 5 of the Dungeon
  4006 | D:5      | Found a sand-covered staircase.
  4013 | Ossuary  | Entered an ossuary
  4162 | Ossuary  | Reached XP level 7. HP: 44/44 MP: 7/7
  4210 | Ossuary  | Reached skill level 5 in Fighting
  4291 | D:5      | Noticed Pikel
  4334 | D:5      | Killed Pikel
  4335 | D:5      | Reached skill level 6 in Stealth
  4335 | D:5      | Reached XP level 8. HP: 40/51 MP: 8/8
  4664 | D:5      | Reached skill level 7 in Stealth
  5072 | D:6      | Found a staircase to the Ecumenical Temple.
  5082 | D:6      | Got the Secrets of Friendly Minerals
  5085 | Temple   | Entered the Ecumenical Temple
  5518 | D:6      | Identified the +0 cloak of Ryob {rC+}
  5776 | D:6      | Found Qeekay's Book Shop.
  5804 | D:6      | Reached skill level 8 in Stealth
  5804 | D:6      | Reached XP level 9. HP: 56/56 MP: 9/9
  6452 | D:7      | Reached skill level 9 in Stealth
  7080 | D:8      | Found a shimmering blue altar of Sif Muna.
  7083 | D:8      | Found a radiant altar of Vehumet.
  7212 | D:8      | Found an ornate altar of the Wu Jian Council.
  7225 | D:8      | Reached XP level 10. HP: 61/64 MP: 10/10
  7243 | D:8      | Found a hazy altar of Hepliaklqana.
  7470 | D:8      | Reached skill level 10 in Stealth
  7503 | D:8      | Reached skill level 10 in Short Blades
  8549 | D:9      | Found a shadowy altar of Dithmenos.
  8552 | D:9      | Reached skill level 11 in Stealth
  8554 | D:9      | Became a worshipper of Dithmenos the Shadowed
  8554 | D:9      | Reached * piety under Dithmenos
  8554 | D:9      | Reached ** piety under Dithmenos
  8720 | D:9      | Noticed a two-headed ogre
  8724 | D:9      | Killed a two-headed ogre
  8725 | D:9      | Reached skill level 10 in Dodging
  8788 | D:9      | Noticed a four-headed hydra
  8792 | D:9      | Killed a four-headed hydra
  8793 | D:9      | Reached skill level 12 in Stealth
  8793 | D:9      | Reached XP level 11. HP: 72/72 MP: 11/11
  8894 | D:9      | Noticed Maggie
  8920 | D:9      | Killed Maggie
  8921 | D:9      | Reached skill level 10 in Fighting
  9371 | D:9      | Reached *** piety under Dithmenos
  9459 | D:9      | Noticed a deep elf pyromancer
  9459 | D:9      | Noticed a manticore
  9481 | D:9      | Killed a manticore
  9482 | D:9      | Reached skill level 13 in Stealth
  9490 | D:9      | Killed a deep elf pyromancer
  9798 | D:9      | Noticed a seven-headed hydra
  9808 | D:9      | Slain by a seven-headed hydra

Illustrated notes

Levels and vault maps discovered:
D:1:      minmay_arrival_four_loops, layout_basic
D:2:      layout_rooms, basic_altar
D:3:      layout_basic, serial_shops, shop
D:4:      layout_cave_pods, serial_bayou_lake_a
D:5:      layout_gridville, nicolae_ossuary_entry_giza, uniq_pikel
D:6:      layout_loops_ring, minmay_temple_entry_offerings, serial_shops, shop,
          kennysheep_potato
D:7:      layout_basic, hellmonk_bongcloud_opening, nicolae_lava_and_water
D:8:      layout_loops_corners, mainiacjoe_overflow_divided_tiny,
          mainiacjoe_overflow_catwalk_spiral
D:9:      minmay_shrinking_squares, layout_basic, mainiacjoe_overflow_24_doors,
          minmay_fractal_squares_5, uniq_maggie
Temple:   minmay_temple_bridge_d

Skill      XL: |  1  2  3  4  5  6  7  8  9 10 11 |
---------------+----------------------------------+-----
Stealth        | 3 4 5 6 8 9 12 13 | 13.2
Dodging        | 4 5 6 7 8 10 11 | 11.6
Fighting       | 4 5 6 7 9 10 | 10.7
Short Blades   | 5 7 8 9 10 | 10.0

Action                   |  1- 3 |  4- 6 |  7- 9 | 10-12 || total
-------------------------+-------+-------+-------+-------++-------
Melee: Short sword       |    65 |       |       |       ||    65
       Punch             |     1 |     1 |     4 |     4 ||    10
       Dagger            |    31 |   124 |   233 |   256 ||   644
       Rapier            |       |       |       |    35 ||    35
 Stab: Sleeping          |    12 |    16 |    18 |    16 ||    62
       Distracted        |       |       |     3 |     4 ||     7
Armor: Robe              |    15 |       |       |       ||    15
       Leather armour    |       |     8 |    41 |    12 ||    61
       Acid dragon scale |       |       |       |    27 ||    27
Dodge: Dodged            |    97 |    64 |   159 |   163 ||   483
